AoeStats
← ᅚᅚᅚᅚ

Arena

509981356Analyzed
4v4 RM · 3d ago on Sep 28, 2026· 51m 43s· 8 players
Game mode
Random Map
Map size
Large (8 player)
Population
200
Speed
Normal
Resources
Standard
Victory
Conquest
Starting age
Dark Age
Ending age
Imperial Age
RankedLock teamsTeams togetherTeam positionsShared explorationLock speedFull tech treeHidden civsTurbo modeCheats
Victory
Defeat
🇮🇹 Chinese · Italy
1395
+11
🇮🇹 Persians · Italy
1349
+13
🇲🇽 Dravidians · Mexico
1295
+15
🇲🇽 Danes · Mexico
1285
+17
🇨🇱 Lithuanians · Chile
1309
-15
🇦🇺 Berbers · Australia
1308
-15
🇨🇱 Sicilians · Chile
1284
-14
🇵🇾 Burgundians · Paraguay
1237
-12
xblxavier
10:46 Feudal Age
11:42 Double-Bit Axe
11:47 Horse Collar
14:38 Castle Age
13:52 Gold Mining
15:26 Loom
17:28 Bow Saw
17:30 Stone Mining
19:19 Heavy Plow
22:57 Wheelbarrow
26:20 Imperial Age
24:43 Gold Shaft Mining
26:50 Scale Mail Armor
27:26 Conscription
29:43 Chain Mail Armor
29:34 Squires
30:29 Stone Shaft Mining
31:43 Arson
32:11 Forging
35:15 Plate Mail Armor
34:37 Fletching
36:28 Bodkin Arrow
36:57 Ballistics
37:37 Chemistry
38:12 Siege Engineers
37:32 Northmen's Fury
38:37 Elite Jomsviking
39:58 Capped Ram
40:50 Siege Ram
43:33 Hand Cart
43:03 Town Watch
44:55 Iron Casting
44:21 Bracer
45:21 Heavy Scorpion
47:21 Hoardings
46:36 Hamask
49:54 Blast Furnace
49:56 Gambesons
49:51 Onager
neto_leo15
0:30 Loom
12:36 Feudal Age
13:38 Double-Bit Axe
13:36 Horse Collar
20:46 Castle Age
19:08 Gold Mining
19:59 Forging
20:14 Scale Barding Armor
22:07 Iron Casting
21:53 Chain Barding Armor
21:36 Heavy Plow
22:02 Husbandry
27:29 Bow Saw
28:27 Light Cavalry
41:47 Town Watch
42:37 Wheelbarrow
43:57 Stone Mining
47:59 Imperial Age
47:10 Hand Cart
52:20 Blast Furnace
Wendysocute
10:05 Feudal Age
13:32 Castle Age
12:02 Double-Bit Axe
12:30 Horse Collar
14:53 Bow Saw
20:58 Wheelbarrow
21:10 Heavy Plow
22:06 Loom
22:34 Gold Mining
23:48 Hand Cart
24:20 Gold Shaft Mining
24:49 Stone Mining
28:18 Imperial Age
27:42 Town Watch
29:03 Crop Rotation
29:40 Two-Man Saw
29:04 Conscription
28:37 Cavalier
29:27 Scale Barding Armor
29:33 Forging
29:45 Husbandry
29:55 Bloodlines
29:45 Savar
31:36 Stone Shaft Mining
33:35 Chain Barding Armor
34:27 Iron Casting
34:31 Devotion
35:10 Plate Barding Armor
41:48 Light Cavalry
43:32 Blast Furnace
43:13 Caravan
42:59 Hussar
48:29 Citadels
511
10:34 Feudal Age
14:33 Castle Age
13:12 Double-Bit Axe
13:19 Loom
13:24 Horse Collar
24:27 Imperial Age
22:10 Fletching
23:11 Stone Mining
23:44 Gold Mining
24:43 Bodkin Arrow
25:32 Bracer
25:36 Padded Archer Armor
26:03 Bow Saw
28:40 Bracer
29:54 Leather Archer Armor
32:29 Masonry
34:52 Wheelbarrow
35:29 Two-Man Saw
35:28 Ring Archer Armor
35:03 Squires
36:09 Stone Shaft Mining
36:10 Gold Shaft Mining
36:13 Ballistics
36:54 Chemistry
36:15 Hand Cart
37:11 Conscription
37:05 Heavy Plow
37:38 Elite Chu Ko Nu
38:26 Town Watch
38:48 Scale Mail Armor
38:59 Forging
39:54 Capped Ram
44:26 Rocketry
45:17 Crossbowman
46:02 Thumb Ring
45:46 Arbalester
46:45 Pikeman
47:11 Arson
48:21 Murder Holes
Pelantaro
11:25 Feudal Age
15:26 Castle Age
13:20 Double-Bit Axe
13:48 Horse Collar
21:04 Loom
22:18 Wheelbarrow
21:37 Town Watch
24:27 Bow Saw
27:07 Hand Cart
30:03 Scale Mail Armor
29:59 Fletching
30:41 Forging
31:23 Chain Mail Armor
31:01 Pikeman
32:26 Squires
47:53 Imperial Age
46:40 Masonry
48:02 Bloodlines
47:55 Husbandry
48:58 Scale Barding Armor
DANICW82
10:36 Feudal Age
14:27 Castle Age
12:48 Double-Bit Axe
14:12 Fletching
15:36 Horse Collar
17:00 Loom
17:23 Heavy Plow
19:04 Bow Saw
20:16 Wheelbarrow
22:46 Hand Cart
22:31 Gold Mining
22:31 Stone Mining
24:05 Gold Shaft Mining
27:31 Bodkin Arrow
29:17 Two-Man Saw
28:50 Scale Mail Armor
29:01 Forging
32:22 Imperial Age
30:32 Squires
29:53 Pikeman
33:23 Chain Mail Armor
33:02 Onager
35:38 Chemistry
34:59 Ballistics
34:44 Bracer
34:31 Halberdier
Shotel California
12:34 Feudal Age
13:19 Double-Bit Axe
16:15 Castle Age
14:09 Horse Collar
16:33 Wheelbarrow
22:25 Gold Mining
22:39 Stone Mining
24:41 Bow Saw
24:42 Heavy Plow
27:55 Imperial Age
26:27 Hand Cart
25:59 Town Watch
26:48 Loom
27:26 Ballistics
26:57 Fletching
27:47 Bodkin Arrow
28:19 Padded Archer Armor
29:40 Chemistry
29:35 Bracer
29:37 Husbandry
31:24 Bloodlines
33:25 Kasbah
33:37 Murder Holes
33:58 Forging
33:54 Scale Barding Armor
34:21 Conscription
33:30 Heavy Camel Rider
35:08 Crop Rotation
35:58 Chain Barding Armor
35:17 Elite Camel Archer
36:29 Masonry
37:10 Siege Engineers
37:46 Iron Casting
38:07 Plate Barding Armor
38:51 Hoardings
38:31 Maghrebi Camels
39:27 Gold Shaft Mining
39:13 Leather Archer Armor
39:58 Blast Furnace
41:37 Town Patrol
45:10 Light Cavalry
46:51 Caravan
47:49 Hussar
48:27 Treadmill Crane
ᅚᅚᅚᅚ
11:03 Feudal Age
11:46 Double-Bit Axe
15:28 Castle Age
13:30 Horse Collar
21:05 Padded Archer Armor
23:28 Wheelbarrow
23:17 Bow Saw
27:57 Imperial Age
26:10 Loom
26:43 Hand Cart
28:30 Fletching
29:00 Stone Mining
30:58 Bodkin Arrow
34:46 Gold Mining
35:40 Pikeman
36:20 Squires
37:34 Block Printing
38:26 Heavy Plow
39:00 Illumination
39:10 Theocracy
40:16 Scale Mail Armor
40:26 Forging
40:41 Halberdier
42:36 Chain Mail Armor
42:56 Iron Casting
43:50 Chemistry
45:01 Caravan
46:30 Bracer
46:17 Town Watch
49:26 Crop Rotation
49:33 Leather Archer Armor
50:17 Ballistics
52:23 Conscription
52:06 Tower Shields
Connection lost

Rejoining the realm…

Still unreachable

The connection could not be restored.

Session expired

The server has moved on; the page needs a fresh start.